 Dungeon Crawl Stone Soup version 0.31-a0-219-g8d62b2e7bb (webtiles) character file.

Game seed: 7267241164852510645

5490 BubbleThief the Basher (level 10, -4/99 HPs)
             Began as a Naga Cinder Acolyte on July 3, 2023.
             Was a High Priest of Ignis.
             Slain by an orc warrior
             ... wielding a +0 long sword
              (13 damage)
             ... on level 9 of the Dungeon.
             The game lasted 00:19:33 (10578 turns).

BubbleThief the Basher (Naga Cinder Acolyte)       Turns: 10578, Time: 00:19:34

Health: -4/99      AC: 13    Str: 19    XL:     10   Next: 69%
Magic:  5/11       EV:  8    Int: 17    God:    Ignis [*****.]
Gold:   153        SH:  4    Dex:  6    Spells: 9/11 levels left

rFire   + . .        a - -1 mace (flame)
rCold   . . .        K - +1 buckler {AC+3}
rNeg    . . .        b - +0 robe
rPois   +            n - +0 helmet
rElec   .            (no cloak)
rCorr   .            q - +0 pair of gloves
SInv    +            (no barding)
Will    +....        (no amulet)
Stlth   +            w - +4 ring of protection
HPRegen 0.36/turn    (no ring)
MPRegen 0.12/turn

%: no passive effects
@: short of breath, marked, very slow
A: AC +3, large, see invisible, deformed body, poison resistance, slowness 2,
spit poison 1, naga tail 1
a: Spit Poison, Renounce Religion, Fiery Armour, Foxfire Swarm


You were on level 9 of the Dungeon.
You worshipped Ignis.
Ignis was extremely pleased with you.
You visited 1 branch of the dungeon, and saw 9 of its levels.

You collected 576 gold pieces.
You spent 423 gold pieces at shops.

Inventory:

Hand Weapons
 a - a -1 mace of flaming (weapon)
 F - a +5 hand axe
Missiles
 A - 6 curare-tipped darts
Armour
 b - a +0 robe (worn)
 n - a +0 helmet (worn)
 q - a +0 pair of gloves (worn)
 E - +0 acid dragon scales
 G - the +2 robe "Loysch" {+Inv Regen+ Str-5 Dex+3}
   (You bought it in a shop on level 7 of the Dungeon)

   Str:       It affects your strength (-5).
   Dex:       It affects your dexterity (+3).
   +Inv:      It lets you turn invisible.
   Regen:     It increases your rate of health regeneration.
 K - a +1 buckler of protection (worn)
Magical Staves
 i - a staff of fire
Jewellery
 w - a +4 ring of protection (left hand)
Wands
 p - a wand of light (3)
 v - a wand of mindburst (13)
Scrolls
 d - 6 scrolls of teleportation
 e - 2 scrolls of blinking
 f - 3 scrolls of identify
 g - a scroll of silence {unknown}
 h - 2 scrolls of torment {unknown}
 j - 3 scrolls of fear
 l - a scroll of revelation {unknown}
 m - 3 scrolls of enchant armour {unknown}
 s - 2 scrolls of amnesia {unknown}
 t - 3 scrolls of enchant weapon
 x - a scroll of poison {unknown}
 y - 3 scrolls of fog {unknown}
 z - 2 scrolls of immolation
 C - a scroll of acquirement {unknown}
Potions
 c - a potion of ambrosia {unknown}
 k - 6 potions of curing
 o - 3 potions of might
 r - 2 potions of mutation
 u - a potion of resistance
 B - 3 potions of brilliance
 D - a potion of heal wounds
 H - a potion of invisibility {unknown}
 I - a potion of berserk rage
 J - a potion of attraction {unknown}
 L - 2 potions of magic {unknown}


   Skills:
 + Level 9.4 Fighting
 * Level 12.7 Maces & Flails
 + Level 2.7 Shields
 - Level 1.0 Spellcasting
 - Level 3.0 Fire Magic


You had 9 spell levels left.
You knew the following spells:

 Your Spells              Type           Power      Damage    Failure   Level
a - Scorch                Fire           22%        2d6       12%         2

Your spell library contained the following spells:

 Spells                   Type           Power      Damage    Failure   Level
 Call Canine Familiar     Summ           0%         N/A       63%         3
 Portal Projectile        Hex/Tloc       0%         N/A       63%         3
 Leda's Liquefaction      Hex/Erth       0%         N/A       95%         4


Dungeon Overview and Level Annotations

Branches:
Dungeon (9/15)             Temple (0/1) D:7            Lair (0/5) D:9
    Orc: D:9-12

Altars:
Wu Jian
Zin
The Shining One

Shops:
D:6 *(:=   D:7 [*[?

Annotations:
D:9 Harold


Innate Abilities, Weirdness & Mutations

Your serpentine skin is tough. (AC +3)
You have supernaturally acute eyesight. (SInv)
Armour fits poorly on your strangely shaped body.
Your system is resistant to poisons. (rPois)
You cover ground very slowly.
You can spit poison.
You have a snake-like lower body.


Message History

Harold misses you.
You strike the helpless Harold from behind!
You hit Harold but do no damage.
Harold is severely wounded.
Harold closely misses you.
You closely miss Harold.
Harold is severely wounded.
You thump Harold! You burn Harold.
Harold is almost dead.
An orc warrior comes into view. It is wielding a +0 long sword.
Harold hits you but does no damage.
You are electrocuted!!
* * * LOW HITPOINT WARNING * * *
Unknown command.
Aiming: Spit Poison (1% risk of failure)
Press: ? - help, Shift-Dir - straight line, f/p - Harold
Aim: Harold, wielding a +2 hand axe of electrocution, wearing a +4 scale mail of poison resistance and quivering 4 throwing nets (almost dead, blind, 78% to hit)
The splash of poison misses Harold.
Harold points at you and mumbles some strange words.
The mark upon you grows brighter.
Casting: Scorch (safe; 12% risk of failure)
Confirm with . or Enter, or press ? or * to list all spells.
Flames lash the orc warrior.
The orc warrior is moderately wounded.
The orc warrior's fire resistance burns away.
A black bear comes into view.
Harold closely misses you.
You barely miss Harold.
Harold is almost dead.
The orc warrior completely misses you. Harold casts a spell at you.
The mark upon you grows brighter.
You hit Harold but do no damage.
Harold is almost dead.
The orc warrior hits you with a +0 long sword!
* * * LOW HITPOINT WARNING * * *
Harold gestures at you while chanting. The mark upon you grows brighter.
You feel better.
The orc warrior hits you with a +0 long sword!
You die...

.P.......P...# ..
...P......P.P##.#
....P>.......##.#
.........P.P.##?#
.............##.#.#
...P.P.P..P.......#
P........P....#.###
PP....P...P..##ho#
.......P...### #@#
...PP....P.# #@#
..P...P.P.## #)#
##.......P# #.#
#......### #.#
######## ... ...
..#


You could see Harold (blind), an orc warrior (combustible) and a black bear.

Vanquished Creatures
  Psyche (D:8)
  Maggie (D:6)
  A komodo dragon (D:9)
  2 yaks
  A wyvern (D:7)
  3 steam dragons
  3 water moccasins
  A sky beast (D:7)
  An orc warrior (D:9)
  7 black bears
  3 ice beasts
  3 centaurs
  A phantom (D:6)
  2 kobold brigands
  Blork the orc (D:4)
  2 bullfrogs (D:9)
  4 scorpions
  2 wights (D:6)
  7 killer bees
  4 hounds
  6 jellies
  4 orc priests
  8 iguanas
  2 sleepcaps
  6 orc wizards
  Robin (D:4)
  3 gnolls (D:5)
  10 adders
  3 white imps
  3 worms
  4 dart slugs
  21 orcs
  4 endoplasms
  3 giant cockroaches
  7 hobgoblins
  A quokka (D:5)
  10 ball pythons
  6 bats
  3 frilled lizards
  14 goblins
  16 kobolds
  5 rats
190 creatures vanquished.

Vanquished Creatures (others)
  A black bear (D:6)
  A wight (D:6)
  An orc (D:6)
  2 kobolds (D:8)
5 creatures vanquished.

Grand Total: 195 creatures vanquished

Notes
Turn   | Place    | Note
-------+----------+-------------------------------------------
     0 | D:1      | BubbleThief the Naga Cinder Acolyte began the quest for the
                  | Orb.
     0 | D:1      | Reached XP level 1. HP: 21/21 MP: 2/2
   185 | D:1      | Reached XP level 2. HP: 28/28 MP: 3/3
   275 | D:1      | Learned a level 2 spell: Scorch
  1458 | D:2      | Reached XP level 3. HP: 34/34 MP: 1/4
  1671 | D:2      | Reached skill level 4 in Maces & Flails
  1824 | D:2      | Reached XP level 4. HP: 41/44 MP: 2/5
  2460 | D:3      | Noticed a scorpion
  2463 | D:3      | Killed a scorpion
  2464 | D:3      | Reached skill level 5 in Maces & Flails
  2464 | D:3      | Reached XP level 5. HP: 50/50 MP: 3/6
  2634 | D:3      | Found a faded altar of an unknown god.
  2755 | D:3      | Identified the +3 leather armour of Woalitt {-Tele Harm
                  | Stlth+}
  3426 | D:4      | Noticed Robin
  3436 | D:4      | Killed Robin
  3583 | D:4      | Noticed Blork the orc
  3588 | D:4      | Killed Blork the orc
  3589 | D:4      | Reached XP level 6. HP: 55/58 MP: 2/7
  4060 | D:4      | Found a glowing golden altar of the Shining One.
  4239 | D:4      | Reached skill level 6 in Maces & Flails
  4363 | D:4      | Noticed a yak
  4535 | D:5      | Entered Level 5 of the Dungeon
  4662 | D:5      | Reached skill level 5 in Fighting
  4662 | D:5      | Reached XP level 7. HP: 58/67 MP: 3/8
  4900 | D:5      | Reached skill level 7 in Maces & Flails
  4986 | D:5      | Found an ornate altar of the Wu Jian Council.
  5206 | D:5      | Reached XP level 8. HP: 42/76 MP: 6/9
  5334 | D:5      | Reached skill level 8 in Maces & Flails
  5634 | D:5      | Found a glowing silver altar of Zin.
  5996 | D:6      | Reached skill level 9 in Maces & Flails
  6039 | D:6      | Found Zassups's Book Shoppe.
  6090 | D:6      | Noticed Maggie
  6106 | D:6      | Reached XP level 9. HP: 24/81 MP: 6/10
  6383 | D:6      | Found Rueq's Assorted Antiques.
  6393 | D:6      | Bought a scroll labelled WOIM ZAREIQA for 28 gold pieces
  6393 | D:6      | Bought a fuming golden potion for 25 gold pieces
  6393 | D:6      | Bought a scroll labelled VOAD RIMOBAD for 28 gold pieces
  6393 | D:6      | Bought a scroll labelled POEMU BASAGU for 28 gold pieces
  6394 | D:6      | Found Xuvokh's Weapon Emporium.
  6471 | D:6      | Found Atti's Jewellery Shop.
  6549 | D:6      | Killed Maggie
  6550 | D:6      | Reached skill level 10 in Maces & Flails
  7550 | D:7      | Found Ybasm's Antique Armour Shop.
  7559 | D:7      | Bought a shimmering robe for 165 gold pieces
  7559 | D:7      | Identified the +2 robe "Loysch" {+Inv Regen+ Str-5 Dex+3}
                  | (You bought it in a shop on level 7 of the Dungeon)
  7711 | D:7      | Found Niathrio's Antique Armour Emporium.
  7713 | D:7      | Found Lufrimp's Magic Scroll Emporium.
  7713 | D:7      | Found Poj Gyeg's General Store.
  8110 | D:7      | Found a staircase to the Ecumenical Temple.
  8127 | D:7      | Reached skill level 11 in Maces & Flails
  8866 | D:7      | Bought a scroll of fear for 52 gold pieces
  8866 | D:7      | Bought a scroll of enchant weapon for 97 gold pieces
  8934 | D:8      | Noticed Psyche
  9029 | D:8      | Reached XP level 10. HP: 39/98 MP: 2/11
  9229 | D:8      | Killed Psyche
  9547 | D:9      | Reached skill level 12 in Maces & Flails
  9779 | D:9      | Reached skill level 1 in Shields
 10532 | D:9      | Found a staircase to the Lair.
 10550 | D:9      | Noticed Harold
 10577 | D:9      | HP: 2/99 [orc warrior/+0 long sword (11)]
 10578 | D:9      | Slain by an orc warrior

Illustrated notes

Levels and vault maps discovered:
D:1:      lemuel_arrival_funnel, layout_basic, st_stairs_2
D:2:      minmay_skewed_foursquare, layout_loops_cross, minmay_heptomino_d4
D:3:      layout_basic, hellmonk_ecumenical_altar_lost_god, feat_on_display
D:4:      minmay_chambers_of_fours, layout_rooms, tso_metal_star,
          serial_co_window_serial, co_window_corner_a, co_window_paths_b,
          co_window_corner_a, co_window_corner_a, co_window_paths_b,
          co_window_corner_b, co_window_broadway_b, co_window_paths_c,
          co_window_unsneaky_path_c, co_window_unsneaky_path_e,
          co_window_of_opportunity_c, glass_columns_c, glass_columns_a,
          glass_columns_a, glass_columns_c, glass_columns_c, dk_noncrumbling_4,
          uniq_blork_the_orc, uniq_robin
D:5:      layout_rooms, zin_statuary, mainiacjoe_overflow_cross_hatched,
          minmay_bent
D:6:      layout_cave_pools, serial_shops, nicolae_shop_advertising_works
          [nicolae_subvault_shop_adworks], nicolae_shop_tiny_statue_garden,
          shop, shop, chequers_jeans, kennysheep_opposing_triangles, uniq_maggie
D:7:      layout_loops_corners, minmay_temple_entry_glass, serial_shops, shop,
          nicolae_shop_distant_corner_stores
D:8:      layout_cave_pools, xom_teletrap_fun, nicolae_shop_unique_rings,
          uniq_psyche, uniq_grum, uniq_joseph
D:9:      layout_loops_ring, due_lair_maze_entry_diamond,
          eino_small_chamber_without_monster, minmay_misc_feat_diagonals,
          uniq_harold

Skill      XL: |  1  2  3  4  5  6  7  8  9 10 |
---------------+-------------------------------+-----
Maces & Flails | 4 5 6 7 9 11 12 | 12.7
Fighting       | 4 5 7 8 9 |  9.4
Shields        | 2 |  2.7
Spellcasting   | |  1.0
Fire Magic     | |  3.0

Action                     |  1- 3 |  4- 6 |  7- 9 | 10-12 || total
---------------------------+-------+-------+-------+-------++-------
  Melee: Mace              |    38 |    42 |   199 |   173 ||   452
         Punch             |       |     1 |     4 |       ||     5
   Cast: Scorch            |    11 |    42 |    67 |    28 ||   148
 Invoke: Fiery Armour      |       |       |     1 |     1 ||     2
         Rising Flame      |       |       |     1 |       ||     1
Ability: Spit Poison       |    32 |    44 |    42 |    26 ||   144
  Evoke: Wand              |       |       |     5 |     2 ||     7
    Use: Scroll            |       |       |    11 |       ||    11
         Potion            |       |       |     1 |     1 ||     2
   Stab: Invisible         |       |       |     2 |     1 ||     3
 Armour: Robe              |    10 |    18 |   134 |   131 ||   293
         Skin              |       |       |     1 |       ||     1
  Dodge: Dodged            |    16 |    34 |   116 |    98 ||   264
  Block: Buckler           |       |       |       |    44 ||    44

Table legend: (Time is in decaauts)
 A = Elapsed time spent in this place.
 B = Non-inter-level travel time spent in this place.
 C = Inter-level travel time spent in this place.
 D = Time resting spent in this place.
 E = Time spent auto-exploring this place.
 F = Levels seen in this place.
 G = Mean time per level.
                   A        B        C        D        E       F      G
               +--------+--------+--------+--------+--------+-----+--------+
         Total |  12956 |  11874 |   1082 |    754 |   9363 |   9 | 1439.6 |
       Dungeon |  12956 |  11874 |   1082 |    754 |   9363 |   9 | 1439.6 |
               +--------+--------+--------+--------+--------+-----+--------+

Top non-repeatable levels by time:
     D:7: 2060 daAuts
     D:4: 1941 daAuts
     D:1: 1808 daAuts
     D:5: 1805 daAuts
     D:6: 1449 daAuts
     D:3: 1315 daAuts
     D:2: 1209 daAuts
     D:9: 1119 daAuts
     D:8: 247 daAuts
